 Dungeon Crawl Stone Soup version 0.30-a0-561-g1b0378597e (webtiles) character file.

Game seed: 14431886943641711749

33044 HessuHobo the Fighter (level 13, 0/88 HPs)
             Began as a Gargoyle Fighter on Dec 28, 2022.
             Was an Elder of Zin.
             Slain by a seven-headed hydra (5 damage)
             ... on level 4 of the Lair of Beasts.
             The game lasted 00:34:08 (20361 turns).

HessuHobo the Fighter (Gargoyle Fighter)           Turns: 20361, Time: 00:34:08

Health: 0/88       AC: 28    Str: 27    XL:     13   Next: 68%
Magic:  19/19      EV: 11    Int:  8    God:    Zin [****..]
Gold:   747        SH:  0    Dex:  8    Spells: 12/12 levels left

rFire   . . .      SeeInvis .    R - +1 whip (elec)
rCold   . . .      Faith    .    k - +0 kite shield
rNeg    + . .      Spirit   .    f - +0 chain mail
rPois   ∞          Reflect  +    j - +1 hat
rElec   +          Harm     .    P - scarf {shadows}
rCorr   .          Rampage  .    t - +0 pair of gloves
Will    .....                    (no boots)
Stlth   x                          - amulet of reflection
HPRegen 0.34/turn                s - +4 ring of evasion
MPRegen 0.16/turn                z - +4 ring of protection

@: confused, ambrosia-drunk
A: sickness immunity, AC +9, negative energy resistance 1, electricity
resistance, torment resistance 1, petrification resistance, dopey 1, strong 1
a: Renounce Religion, Recite, Vitalisation, Imprison, Donate Gold


You were on level 4 of the Lair of Beasts.
You worshipped Zin.
Zin was greatly pleased with you.
You visited 3 branches of the dungeon, and saw 17 of its levels.

You collected 829 gold pieces.
You donated 82 gold pieces to Zin.

Inventory:

Hand Weapons
 R - a +1 whip of electrocution (weapon)
Missiles
 M - a throwing net (quivered)
Armour
 c - a +0 buckler
 f - a +0 chain mail (worn)
 j - a +1 hat (worn)
 k - a +0 kite shield (worn)
 t - a +0 pair of gloves (worn)
 y - a +0 cloak
 G - +0 steam dragon scales
 O - a +0 troll leather armour
 P - a scarf of shadows (worn)
Jewellery
 s - a +4 ring of evasion (left hand)
 x - an amulet of reflection (around neck)
 z - a +4 ring of protection (right hand)
 H - a ring of ice
 N - a +4 ring of evasion
 U - a ring of positive energy
Wands
 h - a wand of mindburst (10)
 C - a wand of flame (10)
 J - a wand of charming (17)
 S - a wand of digging (6)
 V - a wand of iceblast (6)
Scrolls
 a - a scroll of enchant armour
 b - 6 scrolls of immolation
 d - 2 scrolls of vulnerability {unknown}
 e - a scroll of fog {unknown}
 i - 4 scrolls of magic mapping
 l - a scroll of enchant weapon {unknown}
 n - 2 scrolls of amnesia
 o - 2 scrolls of teleportation
 u - 3 scrolls of poison {unknown}
 v - a scroll of butterflies {unknown}
 w - 4 scrolls of brand weapon
 A - a scroll of torment {unknown}
 E - 4 scrolls of noise
 Q - 3 scrolls of blinking
 T - a scroll of fear {unknown}
Potions
 g - 4 potions of flight
 m - a potion of berserk rage {unknown}
 p - 3 potions of attraction {unknown}
 q - 2 potions of heal wounds
 r - 4 potions of brilliance
 B - 3 potions of mutation
 D - a potion of curing {unknown}
 F - 2 potions of cancellation
 I - 6 potions of ambrosia
 K - 3 potions of lignification {unknown}
Miscellaneous
 L - a tin of tremorstones (1/2)


   Skills:
 + Level 13.5 Fighting
 + Level 12.2 Maces & Flails
 + Level 12.7 Armour
 + Level 7.5 Shields
 + Level 9.2 Invocations
 + Level 3.4 Evocations


You had 12 spell levels left.
You didn't know any spells.
Your spell library contained the following spells:

 Spells                   Type           Power      Damage    Failure   Level
 Magic Dart               Conj           0%         1d3       99%         1
 Searing Ray              Conj           0%         2d4       100%        2
 Call Canine Familiar     Summ           0%         N/A       100%        3
 Portal Projectile        Hex/Tloc       0%         N/A       100%        3
 Anguish                  Hex/Necr       0%         N/A       100%        4
 Fulminant Prism          Conj/Hex       0%         3d5       100%        4
 Leda's Liquefaction      Hex/Erth       0%         N/A       100%        4
 Olgreb's Toxic Radiance  Pois           0%         N/A       100%        4
 Yara's Violent Unravell  Hex/Tmut       0%         3d3       100%        5
 Enfeeble                 Hex            0%         N/A       100%        7
 Ozocubu's Refrigeration  Ice            0%         4d7       100%        7
 Ignition                 Fire           0%         3d3       100%        8


Dungeon Overview and Level Annotations

Branches:
Dungeon (11/15)            Temple (1/1) D:5            Lair (5/5) D:9
  Swamp (0/4) Lair:2        Snake (0/4) Lair:2        Slime (0/5) Lair:5
    Orc: D:9-12

Altars:
Ashenzari
Cheibriados
Dithmenos
Elyvilon
Fedhas
Gozag
Hepliaklqana
Kikubaaqudgha
Makhleb
Nemelex Xobeh
Okawaru
Qazlal
Ru
Sif Muna
Trog
Uskayaw
Vehumet
Wu Jian
Xom
Yredelemnul
Zin
The Shining One
Jiyva

Shops:
D:4 :

Annotations:
D:9 1 runed translucent door, semem's ghost, journeyman HuHu
D:11 Josephine


Innate Abilities, Weirdness & Mutations

You are immune to sickness and miasma.
Your stone body is resilient. (AC +9)
You are immune to poison.
You resist negative energy. (rN+)
You are resistant to electric shocks. (rElec)
You are resistant to unholy torment.
You are immune to petrification.
You are dopey. (Int -2)
Your muscles are strong. (Str +4, Int/Dex -1)


Message History

You are confused.
You feel invigorated.
The seven-headed hydra bites you but does no damage. x3
The seven-headed hydra barely misses you. x2
The seven-headed hydra closely misses you.
The seven-headed hydra bites you!
* * * LOW HITPOINT WARNING * * *
You're too confused to move!
The seven-headed hydra bites you.
The seven-headed hydra bites you but does no damage.
The seven-headed hydra bites you!
* * * LOW HITPOINT WARNING * * *
The seven-headed hydra bites you but does no damage.
The seven-headed hydra bites you!
* * * LOW HITPOINT WARNING * * *
The seven-headed hydra bites you but does no damage. x2
You whack the seven-headed hydra!
Lightning courses through the seven-headed hydra!
The seven-headed hydra is moderately wounded.
The blink frog blinks!
The four-headed hydra closely misses you.
The four-headed hydra bites you but does no damage.
The four-headed hydra bites you.
* * * LOW HITPOINT WARNING * * *
The four-headed hydra bites you but does no damage.
You whack the four-headed hydra!
The four-headed hydra is moderately wounded.
The seven-headed hydra barely misses you. x2
The seven-headed hydra bites you but does no damage.
The seven-headed hydra bites you!
* * * LOW HITPOINT WARNING * * *
The seven-headed hydra bites you but does no damage. x3
You hit the seven-headed hydra.
The seven-headed hydra is moderately wounded.
The four-headed hydra bites you but does no damage.
The four-headed hydra barely misses you.
The four-headed hydra bites you but does no damage. x2
The seven-headed hydra barely misses you.
The seven-headed hydra bites you but does no damage.
The seven-headed hydra bites you.
You die...

....................#.....#......
.##.#...###.....##..##.♣.........
.#####...###..####..#.######..♣..
..# #...##...# #.>.### #........
..# #..####..####†..# #...#....
..# ##..# #....##..## ##...##..
.## #...# #...###†..#####..####.
.####...####...###...#.##....####
...#.#...##...#.@D...#...#..#..##
................FD...............
.................................
.#.###.####.#####.#..#######PP###
#### ### #.## #####.# #### ###
###


You could see a seven-headed hydra, a four-headed hydra and a blink frog.

Vanquished Creatures
  Snorg (Lair:4)
  A hydra (Lair:4)
  A boulder beetle (Lair:3)
  3 death yaks (Lair:3)
  Nergalle (D:10)
  4 black mambas
  7 cane toads
  9 komodo dragons
  3 rime drakes
  A queen bee (Lair:2)
  Prince Ribbit (D:6)
  2 trolls
  2 polar bears
  13 dream sheep (Lair:4)
  20 blink frogs
  Sigmund (D:3)
  A shadow (D:10)
  3 wyverns
  2 wraiths (D:10)
  15 yaks
  A basilisk (Lair:1)
  3 vampire mosquitoes (D:10)
  2 steam dragons
  14 water moccasins
  A sky beast (D:7)
  Duvessa (D:7)
  4 black bears
  An orc warrior (D:8)
  3 ice beasts
  3 ogres
  5 centaurs
  30 wolves
  A kobold brigand (D:10)
  A gnoll sergeant (D:9)
  18 bullfrogs
  4 necrophages
  2 scorpions
  17 wights
  Dowan (D:7)
  52 killer bees
  A howler monkey (D:7)
  3 hounds
  2 jellies
  3 orc priests
  4 gnoll boudas
  Jessica (D:3)
  5 iguanas
  5 orc wizards
  20 gnolls
  2 river rats (Lair:2)
  6 adders
  2 white imps
  An ufetubus (D:4)
  2 worms
  A dart slug (D:2)
  34 orcs
  4 ball pythons
  3 bats
  6 endoplasms
  2 giant cockroaches (D:2)
  10 goblins
  6 hobgoblins
  8 jackals
  8 kobolds
  4 quokkas
  2 frilled lizards
  5 rats
405 creatures vanquished.

Vanquished Creatures (others)
  A wizard (D:3)
  74 fungi
  68 plants
143 creatures vanquished.

Grand Total: 548 creatures vanquished

Notes
Turn   | Place    | Note
-------+----------+-------------------------------------------
     0 | D:1      | HessuHobo the Gargoyle Fighter began the quest for the Orb.
     0 | D:1      | Reached XP level 1. HP: 14/14 MP: 1/1
   205 | D:1      | Reached XP level 2. HP: 19/19 MP: 2/2
   819 | D:2      | Reached XP level 3. HP: 24/24 MP: 3/3
  1196 | D:3      | Noticed a water moccasin
  1206 | D:3      | Killed a water moccasin
  1207 | D:3      | Reached skill level 4 in Fighting
  1207 | D:3      | Reached XP level 4. HP: 19/30 MP: 4/4
  1207 | D:3      | Reached XP level 5. HP: 22/34 MP: 5/5
  1855 | D:3      | Noticed Jessica
  1863 | D:3      | Killed Jessica
  1864 | D:3      | Reached XP level 6. HP: 35/40 MP: 6/6
  1996 | D:3      | Reached skill level 5 in Fighting
  2009 | D:3      | Found a glowing golden altar of the Shining One.
  2009 | D:3      | Noticed Sigmund
  2037 | D:3      | Gained mutation: You are dopey. (Int -2) [potion of
                  | mutation]
  2037 | D:3      | Gained mutation: Your muscles are strong. (Str +4, Int/Dex
                  | -1) [potion of mutation]
  2070 | D:3      | Killed Sigmund
  2071 | D:3      | Reached skill level 5 in Armour
  2095 | D:3      | Found a bloodstained altar of Trog.
  2098 | D:3      | Noticed a wizard
  2103 | D:3      | Killed a wizard
  2476 | D:4      | Reached XP level 7. HP: 44/44 MP: 7/7
  3219 | D:4      | Found Yromeog's Vocational Training.
  3250 | D:4      | Reached skill level 6 in Fighting
  3281 | D:4      | Reached skill level 5 in Maces & Flails
  3354 | D:4      | Reached XP level 8. HP: 35/51 MP: 8/8
  3887 | D:5      | Entered Level 5 of the Dungeon
  4146 | D:5      | Reached skill level 5 in Shields
  4384 | D:5      | Reached skill level 7 in Fighting
  4876 | D:5      | Found a staircase to the Ecumenical Temple.
  5280 | Temple   | Entered the Ecumenical Temple
  5539 | Temple   | Became a worshipper of Zin the Law-Giver
  5539 | Temple   | Reached * piety under Zin
  5573 | D:6      | Reached XP level 9. HP: 57/57 MP: 9/9
  5878 | D:6      | Found an opulent altar of Gozag.
  5924 | D:6      | Reached skill level 1 in Invocations
  6050 | D:6      | Reached ** piety under Zin
  6244 | D:6      | Noticed Prince Ribbit
  6303 | D:6      | Killed Prince Ribbit
  6619 | D:7      | Reached *** piety under Zin
  6910 | D:7      | Reached skill level 8 in Fighting
  7000 | D:7      | Noticed a troll
  7020 | D:7      | Killed a troll
  7458 | D:7      | Noticed Dowan
  7459 | D:7      | Noticed Duvessa
  7468 | D:7      | Killed Duvessa
  7475 | D:7      | Killed Dowan
  7929 | D:8      | Reached XP level 10. HP: 65/65 MP: 11/13
  8722 | D:8      | Reached skill level 9 in Fighting
  8791 | D:8      | Reached skill level 5 in Invocations
  8832 | D:8      | Reached **** piety under Zin
 10227 | D:9      | Found a runed translucent door.
 10341 | D:9      | Noticed semem's ghost (journeyman HuHu)
 10466 | D:9      | Found a stormy altar of Qazlal.
 10472 | D:9      | Found an iron altar of Okawaru.
 10474 | D:9      | Found a faded altar of an unknown god.
 10476 | D:9      | Found a broken altar of Ashenzari.
 10479 | D:9      | Found a faded altar of an unknown god.
 10563 | D:9      | Found a blossoming altar of Fedhas.
 10572 | D:9      | Found a white marble altar of Elyvilon.
 10692 | D:9      | Reached XP level 11. HP: 58/72 MP: 15/15
 10773 | D:9      | Reached skill level 10 in Fighting
 10783 | D:9      | Reached skill level 10 in Armour
 10928 | D:9      | Found a staircase to the Lair.
 11018 | D:9      | Found a basalt altar of Yredelemnul.
 11237 | D:10     | Entered Level 10 of the Dungeon
 11329 | D:10     | Noticed Nergalle
 11343 | D:10     | Killed Nergalle
 11998 | D:9      | Identified the +6 war axe "Grim Tooth" {drain, Fly Str+5}
 12183 | D:11     | Noticed Josephine
 12247 | Lair:1   | Entered Level 1 of the Lair of Beasts
 13137 | Lair:1   | Reached skill level 11 in Fighting
 13221 | Lair:1   | Reached skill level 10 in Maces & Flails
 13590 | Lair:1   | Reached XP level 12. HP: 80/80 MP: 18/18
 14460 | Lair:2   | Found a staircase to the Snake Pit.
 14871 | Lair:2   | Reached skill level 12 in Fighting
 15440 | Lair:2   | Found a staircase to the Swamp.
 16770 | Lair:3   | Reached skill level 1 in Evocations
 17530 | Lair:4   | Reached ***** piety under Zin
 17566 | Lair:4   | Reached XP level 13. HP: 77/87 MP: 19/19
 17658 | Lair:4   | Reached skill level 13 in Fighting
 18836 | Lair:4   | Noticed Snorg
 18871 | Lair:4   | Killed Snorg
 19840 | Lair:5   | Entered Level 5 of the Lair of Beasts
 20165 | Lair:5   | Found a viscous altar of Jiyva.
 20165 | Lair:5   | Found a staircase to the Slime Pits.
 20360 | Lair:4   | HP: 2/88 [seven-headed hydra (11)]
 20361 | Lair:4   | Slain by a seven-headed hydra

Illustrated notes

Levels and vault maps discovered:
D:1:      onia_arrival_pyramid, layout_basic
D:2:      layout_rooms, grunt_decor_arrowhead, kennysheep_generic_room_16
D:3:      layout_basic, tso_altar, trog_wizard, ebering_dispersal_statue_hall,
          guppyfry_early_orc_mine, uniq_jessica, uniq_sigmund
D:4:      wad_river_or_something, layout_rooms, nicolae_shop_vocational
D:5:      layout_loops_ring, minmay_temple_entry_from_below_b
D:6:      layout_loops_ring, grunt_gozag_breadcrumbs,
          hangedman_abyss_or_decor_passed, uniq_prince_ribbit1
D:7:      layout_basic, uniq_duvessa
D:8:      layout_basic
D:9:      layout_loops_ring, chequers_temple_overflow_minitemple,
          mainiacjoe_overflow_swirl, nicolae_overflow_hidden_temple,
          due_lair_maze_entry_diamond, hellmonk_ghost_big_iron
D:10:     layout_roguey, uniq_nergalle
D:11:     wad_arrow_thing, layout_basic, nicolae_elyvilon_peaceful_grove,
          uniq_josephine
Temple:   compressed_dpeg_triangle_lava_temple
Lair:1:   layout_chaotic_city
Lair:2:   layout_roguey [special_room_bee], swamp_mist, dummy_snake_entry, pond
Lair:3:   layout_cellular_growth, serial_rivers, chequers_serial_rivers_micro_d,
          chequers_serial_rivers_micro_b, chequers_serial_rivers_marsh,
          chequers_serial_rivers_micro_d, chequers_serial_rivers_micro_e,
          grunt_megastairs_5, lemuel_fruit_tree
Lair:4:   layout_small_grid, chequers_serial_rivers_room_a, grunt_megastairs_3,
          uniq_snorg
Lair:5:   hellmonk_lair_end_abyssal_woods, layout_gridlike,
          dpeg_slime_entry_enclosed, grunt_megastairs_2, serial_bayou_shore_a

Skill      XL: |  1  2  3  4  5  6  7  8  9 10 11 12 13 |
---------------+----------------------------------------+-----
Fighting       | 4 5 6 7 8 9 11 12 13 | 13.5
Maces & Flails | 3 4 5 6 7 8 10 11 12 | 12.2
Armour         | 4 5 6 7 8 9 11 12 | 12.7
Shields        | 4 5 6 7 |  7.5
Invocations    | 4 6 8 9 |  9.2
Evocations     | 1 3 |  3.4

Action                   |  1- 3 |  4- 6 |  7- 9 | 10-12 | 13-15 || total
-------------------------+-------+-------+-------+-------+-------++-------
Melee: Flail             |   123 |   153 |   501 |   528 |       ||  1305
       Whip              |       |       |       |   963 |   441 ||  1404
Throw: Throwing net      |       |       |       |       |     1 ||     1
Invok: Recite            |       |       |       |     3 |     1 ||     4
       Vitalisation      |       |       |       |     3 |     2 ||     5
Evoke: Wand              |       |       |       |       |     5 ||     5
       Tin of tremorston |       |       |       |       |     1 ||     1
  Use: Scroll            |     1 |       |     5 |     7 |     2 ||    15
       Potion            |     1 |     2 |     3 |     3 |     3 ||    12
Armor: Chain mail        |    64 |    80 |   184 |   704 |   200 ||  1232
       Scale mail        |     4 |       |       |       |       ||     4
       Steam dragon scal |       |       |    12 |       |       ||    12
Dodge: Dodged            |    63 |    90 |   187 |   684 |   136 ||  1160
Block: Buckler           |    46 |    96 |       |       |       ||   142
       Reflection        |       |     1 |     8 |    10 |       ||    19
       Kite shield       |       |       |   364 |  1342 |   272 ||  1978

Table legend: (Time is in decaauts)
 A = Elapsed time spent in this place.
 B = Non-inter-level travel time spent in this place.
 C = Inter-level travel time spent in this place.
 D = Time resting spent in this place.
 E = Time spent auto-exploring this place.
 F = Levels seen in this place.
 G = Mean time per level.
                   A        B        C        D        E       F      G
               +--------+--------+--------+--------+--------+-----+--------+
         Total |  20208 |  19557 |    651 |   6561 |   8704 |  17 | 1188.7 |
       Dungeon |  12524 |  12018 |    506 |   3757 |   5611 |  11 | 1138.5 |
        Temple |    275 |    275 |      0 |      0 |    227 |   1 |  275.0 |
          Lair |   7408 |   7264 |    144 |   2804 |   2865 |   5 | 1481.6 |
               +--------+--------+--------+--------+--------+-----+--------+

Top non-repeatable levels by time:
  Lair:1: 2139 daAuts
     D:9: 1987 daAuts
  Lair:4: 1893 daAuts
     D:8: 1833 daAuts
  Lair:2: 1656 daAuts
     D:4: 1573 daAuts
  Lair:3: 1480 daAuts
     D:5: 1339 daAuts
     D:7: 1319 daAuts
     D:3: 1245 daAuts
     D:6: 1098 daAuts
    D:10: 947 daAuts
     D:1: 621 daAuts
     D:2: 557 daAuts
  Temple: 275 daAuts
